 Dungeon Crawl Stone Soup version 0.30.1-4-g462c640d31 (webtiles) character file.

Game seed: 2476888239954722358

3574 rvierbuc the Destroyer (level 9, 0/67 HPs)
             Began as a Demigod Conjurer on Aug 21, 2023.
             Succumbed to a gnoll sergeant's poison
             ... on level 8 of the Dungeon.
             The game lasted 00:43:12 (9878 turns).

rvierbuc the Destroyer (Demigod Conjurer)           Turns: 9878, Time: 00:43:13

Health: 0/67       AC:  7    Str:  8    XL:     9   Next: 54%
Magic:  13/24      EV: 13    Int: 32    God:
Gold:   319        SH:  0    Dex: 12    Spells: 3/22 levels left

rFire   . . .        u - +3 flail
rCold   . . .        (no shield)
rNeg    . . .        a - +0 robe
rPois   .            z - +0 helmet
rElec   .            (no cloak)
rCorr   .            s - +1 pair of gloves
SInv    .            o - +1 pair of boots
Will    .....        (no amulet)
Stlth   +++          (no ring)
HPRegen 0.31/turn    (no ring)
MPRegen 0.19/turn

%: no passive effects
@: lethally poisoned (0 -> -4), hasted, very quick
A: high MP 1, forlorn, divine attributes
a: no special abilities


You were on level 8 of the Dungeon.
You visited 1 branch of the dungeon, and saw 8 of its levels.

You collected 319 gold pieces.

Inventory:

Hand Weapons
 i - a +1 flail of draining
 u - a +3 flail (weapon)
 E - the +1 spear of Resourcefulness {venom, +Blink rCorr Str+4 Stlth-}
   (You found it on level 5 of the Dungeon)

   Str:       It affects your strength (+4).
   +Blink:    It lets you blink.
   rCorr:     It protects you from acid and corrosion.
   Stlth:     It makes you less stealthy.
 K - a +1 heavy scimitar
 N - a +2 vampiric spear
Missiles
 A - 8 poisoned darts
 C - 9 boomerangs
Armour
 a - a +0 robe (worn)
 g - a +0 pair of gloves
 o - a +1 pair of boots (worn)
 s - a +1 pair of gloves (worn)
 z - a +0 helmet (worn)
 O - a +0 kite shield
Jewellery
 D - a ring of wizardry
Wands
 B - a wand of iceblast (16)
 F - a wand of polymorph (8)
 L - a wand of paralysis (11)
 M - a wand of mindburst (10)
Scrolls
 c - 2 scrolls of enchant weapon
 j - 7 scrolls of teleportation
 l - 3 scrolls of magic mapping
 p - 2 scrolls of immolation
 v - 2 scrolls of vulnerability
 w - a scroll of poison {unknown}
 x - a scroll of blinking {unknown}
 y - a scroll of amnesia
 G - a scroll of noise {unknown}
 I - 2 scrolls of fog {unknown}
 J - a scroll of identify
Potions
 d - 2 potions of brilliance
 f - a potion of haste
 h - 2 potions of cancellation {unknown}
 k - 3 potions of attraction {unknown}
 n - a potion of degeneration {unknown}
 q - 2 potions of flight {unknown}
 r - 2 potions of lignification {unknown}
 t - a potion of might {unknown}
 H - a potion of mutation {unknown}


   Skills:
 + Level 2.3 Fighting
 + Level 1.0 Maces & Flails
 + Level 4.6 Dodging
 + Level 4.3 Stealth
 + Level 7.4 Spellcasting
 + Level 8.9 Conjurations


You had 3 spell levels left.
You knew the following spells:

 Your Spells              Type           Power      Damage    Failure   Level
a - Magic Dart            Conj           100%       1d8       1%          1
b - Searing Ray           Conj           100%       2d8       1%          2
c - Blink                 Tloc           24%        N/A       6%          2
d - Fulminant Prism       Conj/Hex       20%        3d12      6%          4
e - Iskenderun's Mystic   Conj/Tloc      40%        2d9       6%          4
f - Iron Shot             Conj/Erth      20%        9d5       69%         6

Your spell library contained the following spells:

 Spells                   Type           Power      Damage    Failure   Level
 Momentum Strike          Conj/Tloc      80%        3d10      1%          2
 Dazzling Flash           Conj/Hex       80%        N/A       1%          3
 Apportation              Tloc           24%        N/A       4%          1
 Lesser Beckoning         Tloc           24%        N/A       6%          2
 Portal Projectile        Hex/Tloc       24%        N/A       12%         3
 Animate Armour           Summ/Erth      22%        N/A       36%         4
 Alistair's Intoxication  Tmut/Pois      7%         N/A       73%         5


Dungeon Overview and Level Annotations

Branches:
Dungeon (8/15)             Temple (0/1) D:6
   Lair: D:8-11

Annotations:
D:6 3 runed translucent doors, 2 transporters, turdburglar's ghost, novice DsNe
D:8 2 transporters


Innate Abilities, Weirdness & Mutations

You have an increased reservoir of magic. (+10% MP)
You shall have no god before yourself.
Your divine heritage dramatically boosts your attributes as you level up.


Message History

The gnoll bouda is healed somewhat.
The searing ray hits the gnoll bouda!
You kill the gnoll bouda!
The searing ray misses the gnoll sergeant.
The searing ray hits the gnoll sergeant!
The gnoll sergeant is severely wounded.
You feel sick.
The gnoll sergeant hits you from afar with a +4 spear of venom.
You are more poisoned.
The searing ray hits the gnoll sergeant.
The gnoll sergeant is severely wounded.
The searing ray hits the gnoll sergeant!
You kill the gnoll sergeant!
You feel very sick. The gnoll sergeant closely misses you.
The searing ray hits the gnoll sergeant!
You kill the gnoll sergeant!
You finish channelling your searing ray.
You feel very sick.
You feel sick.
The gnoll sergeant completely misses you.
Casting: Searing Ray (safe; 1% risk of failure)
Confirm with . or Enter, or press ? or * to list all spells.
Aiming: Searing Ray (safe; 1% risk of failure)
Press: ? - help, Shift-Dir - straight line, f - gnoll sergeant
Aim: a gnoll sergeant, wielding a +2 heavy spear and wearing a +0 ring mail (covering ground quickly, 87% to hit)
The searing ray hits the gnoll sergeant!
The gnoll sergeant is moderately wounded. (Press . to maintain the ray.)
You feel sick.
The searing ray hits the gnoll sergeant!
The gnoll sergeant is severely wounded.
You feel sick.
The gnoll sergeant hits you from afar with a +2 heavy spear!
* * * LOW HITPOINT WARNING * * *
Okay, then.
Okay, then.
Okay, then.
It was a potion of haste.
You feel yourself speed up.
You die...

.#..........## ...♣
............# #####..♣♣♣
.#..........# #...#..).♣♣♣
.####......####...#.♣....♣♣###
.# #.##...## .)..'..g..)))).#
.# ....##...# #...#..♣..)♣♣#.#
.......##...###...#....♣♣♣##.#
........#....# ####))♣♣ ###..#
##.###.......# ♣@)g)♣ ##...##
....##.##....##♣♣♣♣♣♣ #..###
.# .###.....[.##########.## ..
...........##....#...# ..
...#................### ..
....................# ..
...##.......###[...## .. ..
#.......#......# .# ..
................#


You could see a gnoll sergeant (swift).

Vanquished Creatures
  Grinder (D:5)
  A wyvern (D:7)
  2 water moccasins
  An ice beast (D:6)
  3 orc warriors
  2 ogres
  3 black bears
  2 sky beasts (D:7)
  A phantom (D:5)
  3 bullfrogs
  A kobold brigand (D:8)
  6 gnoll sergeants (D:8)
  A scorpion (D:5)
  4 wights (D:8)
  An electric eel (D:7)
  2 hounds
  2 gnoll boudas (D:8)
  A jelly (D:5)
  10 orc priests
  2 sleepcaps (D:5)
  5 iguanas
  6 orc wizards
  6 adders
  7 gnolls
  An ufetubus (D:6)
  4 worms
  4 dart slugs
  35 orcs
  12 endoplasms
  8 giant cockroaches
  7 goblins
  3 hobgoblins
  4 quokkas
  6 ball pythons
  6 bats
  5 frilled lizards
  3 kobolds
  9 rats
180 creatures vanquished.

Notes
Turn   | Place    | Note
-------+----------+-------------------------------------------
     0 | D:1      | rvierbuc the Demigod Conjurer began the quest for the Orb.
     0 | D:1      | Reached XP level 1. HP: 14/14 MP: 5/5
   227 | D:1      | Reached skill level 4 in Conjurations
   278 | D:1      | Reached XP level 2. HP: 20/20 MP: 5/7
   340 | D:1      | Got the Volume of the Crystalline Excursion
   344 | D:1      | Learned a level 2 spell: Searing Ray
   965 | D:1      | Reached XP level 3. HP: 19/26 MP: 0/8
  1692 | D:2      | Reached XP level 4. HP: 33/33 MP: 7/10
  2015 | D:2      | Reached skill level 5 in Conjurations
  3068 | D:3      | Reached XP level 5. HP: 25/38 MP: 2/12
  3483 | D:4      | Noticed an ogre
  3515 | D:4      | Killed an ogre
  4640 | D:5      | Entered Level 5 of the Dungeon
  4641 | D:5      | Noticed Grinder
  4642 | D:5      | Noticed a black bear
  4645 | D:5      | Noticed an ogre
  4651 | D:4      | Reached XP level 6. HP: 45/45 MP: 4/14
  4914 | D:5      | Reached skill level 6 in Conjurations
  5161 | D:5      | Reached XP level 7. HP: 51/51 MP: 13/16
  5201 | D:5      | Killed Grinder
  5262 | D:5      | Reached skill level 1 in Fighting
  5309 | D:5      | Identified the +1 spear of Resourcefulness {venom, +Blink
                  | rCorr Str+4 Stlth-}
  5545 | D:5      | Reached skill level 5 in Spellcasting
  6053 | D:5      | Reached skill level 7 in Conjurations
  6297 | D:6      | Found a runed translucent gate.
  6297 | D:6      | Found a runed translucent gate.
  6305 | D:6      | Noticed turdburglar's ghost (novice DsNe)
  6308 | D:6      | Reached XP level 8. HP: 43/59 MP: 11/19
  6308 | D:6      | Found a runed translucent gate.
  6308 | D:6      | Noticed a manticore
  6366 | D:6      | Found a transporter.
  6367 | D:6      | Noticed a kobold demonologist
  6377 | D:6      | Found a transporter.
  6397 | D:6      | Learned a level 2 spell: Blink
  6402 | D:6      | Learned a level 4 spell: Fulminant Prism
  6647 | D:6      | Found a staircase to the Ecumenical Temple.
  7065 | D:6      | Reached skill level 1 in Maces & Flails
  8111 | D:7      | Reached skill level 8 in Conjurations
  8842 | D:8      | Reached XP level 9. HP: 43/67 MP: 13/22
  9382 | D:8      | Identified the +8 spear "Neosojya" {elec, Dex+2}
  9382 | D:8      | Identified the +0 kite shield of Puozytiu {Harm rElec Will-
                  | SInv}
  9398 | D:8      | Found a transporter.
  9413 | D:8      | Identified the ring "Wegottur" {Will+++ rCorr Int-2}
  9452 | D:8      | Found a transporter.
  9680 | D:6      | Learned a level 4 spell: Iskenderun's Mystic Blast
  9687 | D:6      | Learned a level 6 spell: Iron Shot
  9857 | D:8      | HP: 2/67 [gnoll sergeant/+2 heavy spear (9)]
  9858 | D:8      | Found the +5 woodcutter's axe
  9868 | D:8      | HP: 1/67 [gnoll sergeant/+4 spear of venom (11)]
  9877 | D:8      | HP: 1/67 [gnoll sergeant/+2 heavy spear (12)]
  9878 | D:8      | Succumbed to a gnoll sergeant's poison

Illustrated notes

Levels and vault maps discovered:
D:1:      roderic_crossed_star, layout_loops_ring
D:2:      layout_loops_corners
D:3:      layout_basic
D:4:      layout_basic
D:5:      layout_rooms, mainiacjoe_overflow_alcove_2, minmay_misc_feat_columns,
          uniq_grinder
D:6:      gammafunk_wand_slinger, layout_layer_cave,
          mainiacjoe_overflow_boulevard, minmay_temple_entry_junction_2,
          gammafunk_ghost_split
D:7:      layout_layer_cave, palyth_stone_intersect, kennysheep_cross_room,
          hangedman_decor_points
D:8:      layout_cave_pools, gammafunk_ghost_gnarly_gnolls,
          pf_guarded_unrand_woodcutter

Skill      XL: |  1  2  3  4  5  6  7  8  9 |
---------------+----------------------------+-----
Conjurations   | 4 5 6 7 8 |  8.9
Stealth        | 2 3 4 |  4.3
Spellcasting   | 2 3 4 5 6 7 |  7.4
Dodging        | 2 3 4 |  4.6
Fighting       | 1 2 |  2.3
Maces & Flails | 1 |  1.0

Action                     |  1- 3 |  4- 6 |  7- 9 || total
---------------------------+-------+-------+-------++-------
  Melee: Flail             |       |     9 |    17 ||    26
   Cast: Magic Dart        |    74 |   123 |   123 ||   320
         Searing Ray       |     2 |    19 |    62 ||    83
         Blink             |       |       |     1 ||     1
    Use: Scroll            |       |     5 |     3 ||     8
         Potion            |       |     2 |    13 ||    15
 Armour: Robe              |     2 |    16 |    44 ||    62
  Dodge: Dodged            |     8 |    24 |   104 ||   136
